 Dungeon Crawl Stone Soup version 0.31-a0-1237-gabc64e778c (webtiles) character file.

Game seed: 13966340080990157428

7 Armakuni the Charlatan (level 2, -4/21 HPs)
             Began as a Human Artificer on Dec 16, 2023.
             Succumbed to a goblin's poison
             ... on level 1 of the Dungeon.
             The game lasted 00:00:42 (404 turns).

Armakuni the Charlatan (Human Artificer)             Turns: 404, Time: 00:00:43

Health: -4/21      AC:  3    Str: 12    XL:     2   Next: 5%
Magic:  2/2        EV: 11    Int: 11    God:
Gold:   28         SH:  0    Dex: 13    Spells: 1/1 levels left

rFire   . . .        a - +0 club
rCold   . . .        (no shield)
rNeg    . . .        b - +0 leather armour
rPois   .            (no helmet)
rElec   .            (no cloak)
rCorr   .            (no gloves)
SInv    .            (no boots)
Will    .....        (no amulet)
Stlth   +            (no ring)
HPRegen 0.23/turn    (no ring)
MPRegen 0.08/turn

%: no passive effects
@: lethally poisoned (-4 -> -24)
A: no striking features
a: no special abilities


You were on level 1 of the Dungeon.
You visited 1 branch of the dungeon, and saw 1 of its levels.

You collected 28 gold pieces.

Inventory:

Hand Weapons
 a - a +0 club (weapon)
Armour
 b - a +0 leather armour (worn)
Wands
 c - a wand of flame (15) (quivered)
 d - a wand of charming (15)
 e - a wand of iceblast (5)
Scrolls
 f - a scroll of immolation {unknown}
 h - a scroll of enchant armour {unknown}
 i - a scroll of identify {unknown}
Potions
 g - a potion of heal wounds {unknown}


   Skills:
 - Level 1.0 Fighting
 + Level 1.5 Maces & Flails
 - Level 2.0 Armour
 - Level 1.0 Dodging
 - Level 1.0 Stealth
 - Level 3.0 Evocations


You had one spell level left.
You didn't know any spells.
Your spell library was empty.

Dungeon Overview and Level Annotations

Branches:
Dungeon (1/15)

Altars:


Message History

The bat hits you but does no damage. x2
You hit the bat.
The bat is moderately wounded.
The bat misses you. The bat hits you but does no damage.
A rat comes into view.
The goblin hits you but does no damage.
You are poisoned.
You completely miss the bat.
You feel very sick.
The bat misses you. x2; The bat closely misses you.
The goblin hits you with a +1 dagger of venom.
You closely miss the bat.
The bat is moderately wounded.
You feel sick. The bat barely misses you. The bat hits you.
The bat hits you but does no damage.
The goblin hits you with a +1 dagger of venom.
You are lethally poisoned!
You closely miss the ball python.
You feel very sick. The bat hits you. The bat closely misses you.
The bat completely misses you. The ball python barely misses you.
The ball python closely misses you. The bat hits you but does no damage.
The goblin barely misses you. The ball python bites you.
* * * LOW HITPOINT WARNING * * *
The ball python completely misses you.
You are too injured to fight recklessly!
You are too injured to fight recklessly!
You are too injured to fight recklessly!
You are too injured to fight recklessly!
You are too injured to fight recklessly!
You are too injured to fight recklessly!
You are too injured to fight recklessly!
You are too injured to fight recklessly!
* * * LOW HITPOINT WARNING * * *
You feel very sick. The bat hits you.
* * * LOW HITPOINT WARNING * * *
The bat barely misses you. The goblin hits you but does no damage.
You are more poisoned.
You die...

#......#......# #####.
######.######## #. #.# #.
#.# ###. #.# #... #.#
#.## #.# #######.##
#########'#### ..........
#.....b.@....# #.........
......b......# .#........
.......Sg....#...#...#...
#.......g.!..#....#...#..
#......r.....#.....#.#.##
#............#......#...#
.............#...#.#.....
..........##.#....#......
..........# ...#...#.<.#.


You could see 2 goblins, 2 bats, a ball python and a rat.

Vanquished Creatures
  4 bats (D:1)
  A hobgoblin (D:1)
  A frilled lizard (D:1)
  2 rats (D:1)
8 creatures vanquished.

Notes
Turn   | Place    | Note
-------+----------+-------------------------------------------
     0 | D:1      | Armakuni the Human Artificer began the quest for the Orb.
     0 | D:1      | Reached XP level 1. HP: 15/15 MP: 1/1
   125 | D:1      | Reached skill level 1 in Maces & Flails
   331 | D:1      | Reached XP level 2. HP: 21/21 MP: 2/2
   403 | D:1      | HP: 1/21 [bat (1)]
   404 | D:1      | Succumbed to a goblin's poison

Illustrated notes

Levels and vault maps discovered:
D:1:      matt_arrival_diagonals, layout_basic

Skill      XL: |  1 |
---------------+----+-----
Maces & Flails | 1 |  1.5
Fighting       | |  1.0
Armour         | |  2.0
Dodging        | |  1.0
Stealth        | |  1.0
Evocations     | |  3.0

Action                     || total
---------------------------++-------
  Melee: Club              ||    45
   Stab: Sleeping          ||     2
 Armour: Leather armour    ||    43
  Dodge: Dodged            ||    49

Table legend: (Time is in decaauts)
 A = Elapsed time spent in this place.
 B = Non-inter-level travel time spent in this place.
 C = Inter-level travel time spent in this place.
 D = Time resting spent in this place.
 E = Time spent auto-exploring this place.
 F = Levels seen in this place.
 G = Mean time per level.
                   A        B        C        D        E       F      G
               +--------+--------+--------+--------+--------+-----+--------+
         Total |    416 |    416 |      0 |      0 |    300 |   1 |  416.0 |
       Dungeon |    416 |    416 |      0 |      0 |    300 |   1 |  416.0 |
               +--------+--------+--------+--------+--------+-----+--------+

Top non-repeatable levels by time:
     D:1: 416 daAuts
